 Dungeon Crawl Stone Soup version 0.29.0-7-g18a832c13a (webtiles) character file.

Game seed: 11894042301221078972

40923 unlimited1921 the Eclecticist (level 14, -1/85 HPs)
             Began as a Djinni Fire Elementalist on Aug 30, 2022.
             Was the Champion of Fedhas.
             Slain by a death yak (22 damage)
             ... on level 5 of the Lair of Beasts on Aug 31, 2022.
             The game lasted 02:27:58 (24389 turns).

unlimited1921 the Eclecticist (DjFE)               Turns: 24389, Time: 02:27:58

Health: -1/85      AC: 14    Str:  4    XL:     14   Next: 47%
Gold:   827        EV: 13    Int: 25    God:    Fedhas [******] SH:  0 Dex: 14

rFire   + + .      SeeInvis +   H - +2 quarterstaff (chaos)
rCold   x . .      Faith    +   (shield currently unavailable)
rNeg    . . .      Spirit   .   a - +1 troll leather armour
rPois   ∞          Reflect  .   e - +2 hat
rElec   .          Harm     .   K - +2 cloak of Gravity {MP+9}
rCorr   .          Rampage  .   n - +2 pair of gloves
Will    +....      Clarity  +   (boots unavailable)
Stlth   +++.......              s - amulet of faith
HPRegen 1.04/turn               y - ring of see invisible
MPRegen 0.00/turn               B - +4 ring of slaying

@: flying
A: sickness immunity, fire resistance 2, cold vulnerability 1, float, innate
caster, HP casting, extra vitality 1, clarity, clever 1, weak 1
a: Renounce Religion, Wall of Briars, Grow Ballistomycete, Overgrow, Grow Oklob


You were on level 5 of the Lair of Beasts.
You worshipped Fedhas.
Fedhas was exalted by your worship.
You visited 4 branches of the dungeon, and saw 18 of its levels.

You collected 1003 gold pieces.
You spent 176 gold pieces at shops.

Inventory:

Hand Weapons
 d - a +0 long sword of protection
 h - a +2 vampiric short sword
 o - a +0 long sword of electrocution
 G - a +6 great sword of draining
 H - a +2 quarterstaff of chaos (weapon)
 L - a +2 hand axe of freezing
 P - a +2 trident of venom
 Q - a +3 trident of freezing
 R - a +2 long sword of flaming
 U - a +0 vorpal war axe
Missiles
 c - 5 atropa-tipped darts
 g - 161 stones
 i - 8 boomerangs
 j - 5 curare-tipped darts
 r - 51 poisoned darts
 z - 2 throwing nets
 A - 2 javelins
Armour
 a - a +1 troll leather armour (worn)
 e - a +2 hat (worn)
 n - a +2 pair of gloves (worn)
 J - a +2 robe of fire resistance
 K - the +2 cloak of Gravity (worn) {MP+9}
   (You found it on level 5 of the Dungeon)

   MP:        It affects your magic capacity (+9).
 S - +0 acid dragon scales
Jewellery
 s - an amulet of faith (around neck)
 t - a +6 ring of strength
 y - a ring of see invisible (left hand)
 B - a +4 ring of slaying (right hand)
Wands
 l - a wand of acid (3)
 p - a wand of flame (62)
 I - a wand of digging (9)
 Y - a wand of paralysis (2) (quivered)
Scrolls
 f - 5 scrolls of immolation
 q - 10 scrolls of teleportation
 x - 3 scrolls of vulnerability
 C - 3 scrolls of magic mapping
 O - a scroll of blinking {unknown}
 V - a scroll of torment {unknown}
 W - 2 scrolls of butterflies
 X - 2 scrolls of enchant weapon
Potions
 b - 2 potions of attraction {unknown}
 k - 3 potions of curing
 m - 3 potions of lignification
 u - 4 potions of mutation
 w - 2 potions of berserk rage {unknown}
 D - a potion of might
 E - 3 potions of haste
 F - 2 potions of resistance {unknown}
 N - a potion of brilliance {unknown}
 Z - a potion of cancellation {unknown}


   Skills:
 + Level 2.0 Fighting
 + Level 1.2 Short Blades
 + Level 1.4 Staves
 + Level 3.3 Throwing
 * Level 6.1 Armour
 + Level 5.7 Dodging
 + Level 5.3 Stealth
 * Level 15.5 Spellcasting
 * Level 7.4 Invocations
 + Level 2.1 Evocations


You had 12 spell levels left.
You knew the following spells:

 Your Spells              Type           Power      Damage    Failure   Level
a - Foxfire               Conj/Fire      100%       2x1d9     0%          1
b - Scorch                Fire           100%       2d10      0%          2
c - Conjure Flame         Conj/Fire      77%        6-21      1%          3
d - Inner Flame           Hex/Fire       77%        N/A       1%          3
e - Flame Wave            Conj/Fire      77%        2d17      1%          4
f - Slow                  Hex            100%       N/A       0%          1
g - Passwall              Tmut/Erth      64%        N/A       0%          2
h - Confusing Touch       Hex            77%        N/A       1%          3
i - Summon Lightning Spi  Summ/Air       77%        N/A       1%          4
j - Sticky Flame          Conj/Fire      77%        2d9       1%          4
k - Manifold Assault      Tloc           77%        N/A       1%          5
Your spell library was empty.

Dungeon Overview and Level Annotations

Branches:
Dungeon (12/15)            Temple (1/1) D:6            Lair (5/5) D:11
    Orc (1/2) D:9
  Swamp: Lair:2-3    Shoals: Lair:2-3     Snake: Lair:2-3    Spider: Lair:2-3
  Slime: Lair:4-5

Altars:
Ashenzari
Cheibriados
Dithmenos
Elyvilon
Fedhas
Gozag
Hepliaklqana
Makhleb
Nemelex Xobeh
Okawaru
Qazlal
Ru
Trog
Uskayaw
Wu Jian
Xom
Yredelemnul
Zin
The Shining One

Shops:
D:4 !

Annotations:
Lair:1 2 transporters
Orc:1 Josephine


Innate Abilities, Weirdness & Mutations

You are immune to sickness and miasma.
You are immune to poison.
Your flesh is very heat resistant. (rF++)
You are vulnerable to cold. (rC-)
You float through the air rather than walking.
You learn spells naturally, not from books.
Your magical power is your life essence.
You have superior vitality. (+4 MHP)
You possess an exceptional clarity of mind.
Your mind is acute. (Int +4, Str/Dex -1)
You are weak. (Str -2)


Message History

Your lightning spire shoots out a bolt of lightning at the death yak!
The bolt of electricity hits the death yak!!
The death yak dies!
Fedhas appreciates your contribution to the ecosystem.
Your Fighting skill increases to level 2!
Your lightning spire shoots out a bolt of lightning at the death yak!
The bolt of electricity hits the death yak!
The death yak attacks as you move away! The death yak gores you.
Your lightning spire shoots out a bolt of lightning at the death yak!
The bolt of electricity hits the death yak!
The bolt of electricity hits the death yak!!
You see here a lindwurm corpse.
You fly carefully through the fungus.
The death yak attacks as you move away! The death yak gores you.
The death yak gores you!
You fly carefully through the plants.
The death yak attacks as you move away! The death yak misses you.
Casting: Summon Lightning Spire (safe; 1% risk of failure)
Confirm with . or Enter, or press ? or * to list all spells.
An electric hum fills the air.
The death yak gores the bush but does no damage.
The death yak barely misses you.
A briar patch grows up from the ground. x2; The death yak closely misses you.
The death yak gores the bush.
The death yak attacks as you move away! The death yak gores you!
The death yak gores your briar patch!! The death yak gores you.
The death yak gores your briar patch!
Your briar patch is destroyed!
Your briar patch disappears in a puff of smoke!
The death yak barely misses you. The death yak attacks as you move away!
The death yak gores you!
* * * LOW HITPOINT WARNING * * *
The death yak gores the bush!
The death yak gores you.
* * * LOW HITPOINT WARNING * * *
The death yak gores the bush.
The death yak attacks as you move away! The death yak closely misses you.
The death yak gores the bush!
You fly carefully through the plants.
The death yak attacks as you move away! The death yak gores you!!
You die...
Fedhas appreciates your contribution to the ecosystem.

.<.............†....## #....
..........#P......### #P#..
.........####.....# #####..
..........# ##..### #.##...
......<...# #### ###.P...#
.........#.# #####P#.....#
........#.##
#######.#........## .......##
#..#...#........###
........## ##@..........####
# .......#.#
####PPY.........#
.........###.#PPY..........##
....[....##..8Y.............#
........##................###
##..##..###..............##
#.#..#...##..P...........#
###......###†..P........##
#.............P.P.......#


You could see 3 death yaks.

Vanquished Creatures
  A hydra (Lair:1)
  A two-headed ogre (D:12)
  A death yak (Lair:5)
  Sonja (D:10)
  Nergalle (Lair:3)
  A lindwurm (Lair:5)
  A deep elf pyromancer (D:12)
  2 cyclopes
  A manticore (D:12)
  3 elephants (Lair:2)
  2 black mambas
  Maurice (D:8)
  Joseph (D:8)
  A gargoyle (D:11)
  Maggie (D:9)
  A torpor snail (Lair:1)
  A rime drake (Lair:2)
  4 komodo dragons
  A kobold demonologist (D:10)
  5 cane toads
  3 trolls
  10 blink frogs
  8 slime creatures
  A vampire (D:11)
  A centaur simulacrum (D:12)
  A wyvern (Lair:3)
  A wraith (D:9)
  38 yaks
  2 basilisks
  A vampire mosquito (D:12)
  Menkaure (D:5)
  A warg (D:9)
  6 water moccasins
  A black bear (Lair:3)
  4 orc warriors
  A sky beast (D:7)
  A wolf (Lair:2)
  4 ogres
  5 centaurs
  A phantom (D:6)
  4 kobold brigands
  Blork the orc (D:5)
  6 bullfrogs
  A necrophage (D:4)
  A gnoll sergeant (D:10)
  7 scorpions
  8 wights
  8 killer bees
  3 howler monkeys
  2 hounds (D:7)
  9 orc priests
  2 jellies (D:5)
  Crazy Yiuf (D:2)
  Jessica (D:2)
  4 iguanas
  11 orc wizards
  7 adders
  13 gnolls
  9 white imps
  2 ufetubi (D:5)
  3 dart slugs
  27 orcs
  A bat (D:1)
  10 endoplasms
  8 giant cockroaches
  6 goblins
  4 hobgoblins
  17 kobolds
  5 ball pythons
  5 frilled lizards
  3 rats
311 creatures vanquished.

Vanquished Creatures (collateral kills)
  A boulder beetle (D:11)
  Erica (D:10)
  2 hydras
  2 death yaks (Lair:5)
  A skeletal warrior (D:12)
  3 elephants (Lair:2)
  A cane toad (Lair:5)
  2 torpor snails (Lair:1)
  A komodo dragon (Lair:1)
  5 trolls
  6 blink frogs
  Prince Ribbit (D:8)
  14 yaks
  A wraith (D:9)
  A basilisk (Lair:2)
  2 steam dragons
  An acid dragon (D:10)
  A warg (Orc:1)
  2 hell hounds (Lair:2)
  5 water moccasins
  3 orc warriors
  A centaur (D:9)
  3 wolves (Lair:2)
  2 kobold brigands
  2 bullfrogs
  A gnoll sergeant (D:10)
  2 scorpions (D:10)
  2 wights (D:8)
  2 killer bees (D:9)
  3 orc wizards
  A statue (D:9)
  A gnoll (D:10)
  An adder (D:6)
  6 white imps (Lair:1)
  3 orcs
  4 giant cockroaches (D:10)
  7 kobolds
  A butterfly (D:10)
  3 foxfires
101 creatures vanquished.

Vanquished Creatures (others)
  2 bushes (Lair:5)
  895 foxfires
  35 fungi
  35 plants
967 creatures vanquished.

Grand Total: 1379 creatures vanquished

Notes
Turn   | Place    | Note
-------+----------+-------------------------------------------
     0 | D:1      | unlimited1921 the Djinni Fire Elementalist began the quest
                  | for the Orb.
     0 | D:1      | unlimited1921 set off with the following spells memorised:
                  | Foxfire, Scorch, Conjure Flame, Inner Flame, Flame Wave.
     0 | D:1      | Reached XP level 1. HP: 15/15 MP: 0/0
   376 | D:1      | Reached XP level 2. HP: 16/21 MP: 0/0
  1640 | D:1      | You are sucked into a shaft and drop 1 floor!
  1649 | D:2      | Reached skill level 3 in Spellcasting
  1812 | D:2      | Reached XP level 3. HP: 20/25 MP: 0/0
  1812 | D:2      | Learned a level 1 spell: Slow
  2109 | D:2      | Noticed Jessica
  2113 | D:2      | Killed Jessica
  2114 | D:2      | Reached XP level 4. HP: 26/31 MP: 0/0
  2437 | D:2      | Reached skill level 4 in Spellcasting
  2437 | D:2      | Reached XP level 5. HP: 29/35 MP: 0/0
  2437 | D:2      | Learned a level 2 spell: Passwall
  2785 | D:2      | Found a runed translucent door.
  2786 | D:2      | Noticed Crazy Yiuf
  4612 | D:3      | Reached skill level 1 in Short Blades
  4612 | D:3      | Reached XP level 6. HP: 16/40 MP: 0/0
  4916 | D:3      | Found a faded altar of an unknown god.
  6099 | D:4      | Reached XP level 7. HP: 28/45 MP: 0/0
  6099 | D:4      | Learned a level 3 spell: Confusing Touch
  6244 | D:4      | Found Celicsos's Distillery.
  6254 | D:4      | Bought a potion of degeneration for 11 gold pieces
  6254 | D:4      | Bought a potion of haste for 110 gold pieces
  6254 | D:4      | Bought a potion of heal wounds for 55 gold pieces
  6396 | D:4      | Reached skill level 5 in Spellcasting
  7038 | D:5      | Entered Level 5 of the Dungeon
  7315 | D:5      | Noticed Menkaure
  7317 | D:5      | Killed Menkaure
  7680 | D:5      | Reached XP level 8. HP: 38/50 MP: 0/0
  8106 | D:4      | Reached skill level 6 in Spellcasting
  8231 | D:2      | Killed Crazy Yiuf
  8828 | D:5      | Noticed Blork the orc
  8833 | D:5      | Killed Blork the orc
  9010 | D:5      | Identified the +2 cloak of Gravity {MP+9}
  9127 | D:5      | Found a snail-covered altar of Cheibriados.
  9513 | D:6      | Reached skill level 7 in Spellcasting
  9963 | D:6      | Found a staircase to the Ecumenical Temple.
  9989 | Temple   | Entered the Ecumenical Temple
 10213 | Temple   | Became a worshipper of Fedhas Madash
 10265 | D:6      | Reached XP level 9. HP: 48/56 MP: 0/0
 10265 | D:6      | Learned a level 4 spell: Summon Lightning Spire
 10622 | D:6      | Reached skill level 8 in Spellcasting
 11428 | D:7      | Found an opulent altar of Gozag.
 11441 | D:7      | Reached * piety under Fedhas
 12321 | D:8      | Reached skill level 9 in Spellcasting
 12513 | D:8      | Found a stormy altar of Qazlal.
 12533 | D:8      | Found an iron altar of Okawaru.
 12535 | D:8      | Noticed Joseph
 12546 | D:8      | Killed Joseph
 12547 | D:8      | Reached skill level 1 in Evocations
 12547 | D:8      | Reached XP level 10. HP: 17/61 MP: 0/0
 12828 | D:8      | Found a white marble altar of Elyvilon.
 12861 | D:8      | Noticed Prince Ribbit
 12875 | D:8      | Killed Prince Ribbit
 12876 | D:8      | Reached skill level 1 in Fighting
 13228 | D:8      | Reached ** piety under Fedhas
 13229 | D:8      | Reached skill level 10 in Spellcasting
 13244 | D:8      | Noticed Maurice
 13250 | D:8      | Killed Maurice
 13341 | D:8      | Found a shimmering altar of Xom.
 13346 | D:8      | Found a glowing golden altar of the Shining One.
 13494 | D:8      | Found a glowing silver altar of Zin.
 13587 | D:8      | Found a hazy altar of Hepliaklqana.
 14148 | D:9      | Found a staircase to the Orcish Mines.
 14757 | D:9      | Noticed Maggie
 14763 | D:9      | Killed Maggie
 14764 | D:9      | Reached skill level 1 in Invocations
 15383 | D:9      | Reached skill level 5 in Stealth
 15575 | D:9      | Reached *** piety under Fedhas
 15578 | D:9      | Reached XP level 11. HP: 57/67 MP: 0/0
 15578 | D:9      | Learned a level 4 spell: Sticky Flame
 15992 | D:9      | Reached skill level 11 in Spellcasting
 16218 | D:9      | Gained mutation: You are weak. (Str -2) [potion of
                  | mutation]
 16218 | D:9      | Gained mutation: You possess an exceptional clarity of
                  | mind. [potion of mutation]
 16218 | D:9      | Gained mutation: Your mind is acute. (Int +4, Str/Dex -1)
                  | [potion of mutation]
 16221 | Orc:1    | Entered Level 1 of the Orcish Mines
 16223 | Orc:1    | Noticed Josephine
 16228 | Orc:1    | Reached skill level 1 in Armour
 16520 | D:10     | Entered Level 10 of the Dungeon
 16561 | D:10     | Noticed Erica
 16572 | D:10     | Killed Erica
 16599 | D:10     | HP: 1/67 [troll (7)]
 17003 | D:10     | Reached **** piety under Fedhas
 17179 | D:10     | Found a runed translucent door.
 17213 | D:10     | Found a runed translucent door.
 17570 | D:10     | Noticed Sonja
 17575 | D:10     | Killed Sonja
 17576 | D:10     | Reached skill level 12 in Spellcasting
 18137 | D:12     | Noticed a deep elf pyromancer
 18143 | D:12     | Killed a deep elf pyromancer
 18301 | D:12     | Reached ***** piety under Fedhas
 18464 | D:12     | Reached XP level 12. HP: 50/73 MP: 0/0
 18466 | D:12     | Reached skill level 5 in Invocations
 18742 | D:12     | Noticed a two-headed ogre
 18746 | D:12     | Noticed a skeletal warrior
 18746 | D:12     | Noticed a skeletal warrior
 18750 | D:12     | Killed a two-headed ogre
 18752 | D:12     | Reached skill level 13 in Spellcasting
 18807 | D:12     | Killed a skeletal warrior
 19468 | D:12     | Noticed a storm dragon
 19553 | D:11     | Found a staircase to the Lair.
 19981 | D:11     | Noticed a boulder beetle
 20001 | D:11     | Killed a boulder beetle
 20544 | Lair:1   | Entered Level 1 of the Lair of Beasts
 20592 | Lair:1   | Reached XP level 13. HP: 74/77 MP: 0/0
 20592 | Lair:1   | Learned a level 5 spell: Manifold Assault
 20657 | Lair:1   | Reached skill level 5 in Dodging
 20857 | Lair:1   | Noticed a five-headed hydra
 20860 | Lair:1   | Killed a five-headed hydra
 20861 | Lair:1   | Reached skill level 1 in Throwing
 20877 | Lair:1   | Found a frozen archway.
 21060 | Lair:1   | Reached skill level 14 in Spellcasting
 21111 | Lair:1   | Found a snail-covered altar of Cheibriados.
 21191 | Lair:1   | Noticed a seven-headed hydra
 21202 | Lair:1   | Killed a seven-headed hydra
 21504 | Lair:1   | Found a transporter.
 21504 | Lair:1   | Found a transporter.
 21504 | Lair:1   | Noticed a boulder beetle
 21504 | Lair:1   | Noticed a boulder beetle
 21978 | Lair:2   | Reached ****** piety under Fedhas
 22110 | Lair:2   | Noticed a five-headed hydra
 22137 | Lair:2   | Killed a five-headed hydra
 22949 | Lair:2   | Reached skill level 1 in Staves
 23094 | Lair:2   | Reached skill level 5 in Armour
 23542 | Lair:3   | Noticed Nergalle
 23553 | Lair:3   | Killed Nergalle
 23563 | Lair:3   | Reached XP level 14. HP: 64/84 MP: 0/0
 23678 | Lair:3   | You are sucked into a shaft and drop 2 floors!
 23678 | Lair:5   | Entered Level 5 of the Lair of Beasts
 23933 | Lair:5   | Reached skill level 15 in Spellcasting
 24196 | Lair:5   | Noticed a dire elephant
 24201 | Lair:5   | HP: 3/84 [dire elephant (22)]
 24389 | Lair:5   | Slain by a death yak

Illustrated notes

Levels and vault maps discovered:
D:1:      roderic_dead_forest, layout_loops_ring, hex_large
D:2:      layout_basic, uniq_jessica, uniq_crazy_yiuf_cottage
D:3:      layout_basic, hellmonk_ecumenical_altar_leap_of_faith, nicolae_titane
D:4:      layout_loops_ring, serial_shops, shop
D:5:      layout_basic, general_overflow_altar, roderic_lattice_a,
          uniq_blork_the_orc, uniq_menkaure
D:6:      layout_basic, minmay_temple_entry_offerings
D:7:      layout_cave_pools, chequers_temple_overflow_statue_of_worship
D:8:      layout_basic, kennysheep_mini_moat, mainiacjoe_overflow_big_doors,
          nicolae_qazlal_style_of_elements,
          mainiacjoe_overflow_concentric_impassable,
          mainiacjoe_overflow_small_starburst, marbit_many_paths,
          minmay_crossroads, uniq_joseph, uniq_maurice, uniq_prince_ribbit1
D:9:      layout_roguey, vehumet_statue, kennysheep_orc_sif_temple, david_orc_3,
          uniq_maggie
D:10:     lemuel_insect_pit, layout_long_grid, uniq_erica, uniq_sonja
D:11:     layout_roguey, dpeg_oklobed_lair
D:12:     thingy_vault, layout_loops_ring
Temple:   nicolae_temple_bog_church
Lair:1:   gammafunk_boulding_lane, layout_cave_pods, portal_ice_cave_entry_imps,
          kennysheep_snail_temple, lemuel_fruit_tree, grunt_megastairs_1
Lair:2:   layout_layer_cave, enter_volcano_3
Lair:3:   layout_chaotic_city, minmay_swamp_entry_worms,
          nicolae_spider_entry_non_spiders, grunt_megastairs_3, uniq_nergalle
Lair:5:   hangedman_lair_in_review, layout_cave_pods, basic_altar
Orc:1:    layout_caves, basic_altar, uniq_josephine, uniq_gastronok,
          uniq_erolcha

Skill      XL: |  1  2  3  4  5  6  7  8  9 10 11 12 13 14 |
---------------+-------------------------------------------+-----
Spellcasting   | 3 4 5 7 9 10 12 13 14 15 | 15.5
Stealth        | 2 3 4 5 |  5.3
Short Blades   | 1 |  1.2
Dodging        | 3 4 5 |  5.7
Evocations     | 1 2 |  2.1
Fighting       | 1 2 |  2.0
Invocations    | 1 4 6 7 |  7.4
Armour         | 2 3 5 6 |  6.1
Throwing       | 3 |  3.3
Staves         | 1 |  1.4

Action                   |  1- 3 |  4- 6 |  7- 9 | 10-12 | 13-15 || total
-------------------------+-------+-------+-------+-------+-------++-------
Melee: Short sword       |     2 |       |       |       |       ||     2
       Dagger            |    15 |     4 |       |       |       ||    19
       Flail             |       |     2 |       |       |       ||     2
       Quarterstaff      |       |       |       |       |    42 ||    42
 Cast: Foxfire           |    39 |    62 |   155 |   198 |   107 ||   561
       Scorch            |       |    22 |    36 |    76 |    42 ||   176
       Inner Flame       |       |       |    23 |    68 |    85 ||   176
       Slow              |       |       |     3 |     1 |     1 ||     5
       Confusing Touch   |       |       |     2 |     1 |       ||     3
       Summon Lightning  |       |       |     3 |    61 |    57 ||   121
       Sticky Flame      |       |       |       |     1 |       ||     1
       Manifold Assault  |       |       |       |       |    23 ||    23
Invok: Wall of Briars    |       |       |       |     5 |     2 ||     7
Evoke: Wand              |       |     5 |     5 |     7 |     3 ||    20
  Use: Scroll            |       |       |     8 |     9 |     8 ||    25
       Potion            |       |       |       |     8 |     4 ||    12
 Stab: Sleeping          |     2 |       |       |       |       ||     2
Armor: Robe              |     5 |     8 |    10 |     7 |       ||    30
       Acid dragon scale |       |       |       |    18 |       ||    18
       Troll leather arm |       |       |       |    14 |    37 ||    51
Dodge: Dodged            |    17 |    13 |    30 |    58 |    47 ||   165
